 Dungeon Crawl Stone Soup version 0.30-a0-122-g2a1322497e (webtiles) character file.

Game seed: 16298687357203036748

32 drugrobin the Sneak (level 2, 0/25 HPs)
             Began as a Demigod Delver on Sept 15, 2022.
             Slain by an adder (2 damage)
             ... on level 3 of the Dungeon.
             The game lasted 00:03:36 (465 turns).

drugrobin the Sneak (Demigod Delver)                 Turns: 465, Time: 00:03:37

Health: 0/25       AC:  3    Str: 13    XL:     2   Next: 93%
Magic:  4/4        EV: 11    Int: 12    God:
Gold:   82         SH:  0    Dex: 15    Spells: 1/1 levels left

rFire   . . .      SeeInvis .    a - +0 short sword
rCold   . . .      Faith    .    (no shield)
rNeg    . . .      Spirit   .    b - +0 leather armour
rPois   .          Reflect  .    (no helmet)
rElec   .          Harm     .    (no cloak)
rCorr   .          Rampage  .    (no gloves)
Will    .....                    (no boots)
Stlth   ++........               (no amulet)
HPRegen 0.08/turn                (no ring)
MPRegen 0.09/turn                (no ring)

@: lethally poisoned (0 -> -6), very slow
A: high MP 1, forlorn, divine attributes
a: no special abilities


You were on level 3 of the Dungeon.
You visited 1 branch of the dungeon, and saw 3 of its levels.

You collected 82 gold pieces.

Inventory:

Hand Weapons
 a - a +0 short sword (weapon)
Armour
 b - a +0 leather armour (worn)
Wands
 e - a wand of flame (29)
 g - a wand of digging (2)
Scrolls
 c - 2 scrolls of fog
 d - a scroll of teleportation {unknown}


   Skills:
 - Level 2.6 Fighting
 + Level 3.2 Short Blades
 - Level 1.7 Dodging
 - Level 4.5 Stealth


You had one spell level left.
You didn't know any spells.
Your spell library contained the following spells:

 Spells                   Type           Power      Damage    Failure   Level
 Necrotise                Necr           0%         1d4       38%         1
 Cigotuvi's Dreadful Rot  Necr/Pois/Air  0%         N/A       54%         2
 Poisonous Vapours        Pois/Air       0%         N/A       54%         2
 Vampiric Draining        Necr           0%         2d6       77%         3
 Agony                    Necr           0%         N/A       100%        5
 Summon Forest            Summ/Tloc      0%         N/A       100%        5
 Summon Mana Viper        Hex/Summ       0%         N/A       100%        5
 Summon Cactus Giant      Summ           0%         N/A       100%        6


Dungeon Overview and Level Annotations

Branches:
Dungeon (5/15)             Temple (0/1) D:5

Annotations:
D:4 Natasha


Innate Abilities, Weirdness & Mutations

You have an increased reservoir of magic. (+10% MP)
You shall have no god before yourself.
Your divine heritage dramatically boosts your attributes as you level up.


Message History

Aim: a worm (89% to hit)
You feel a bit more experienced.
Unknown command.
Unknown command.
Unknown command.
You enter the shallow water.
Moving in this stuff is going to be slow.
You enter the shallow water.
Moving in this stuff is going to be slow.
You see here a quokka corpse.
You enter the shallow water.
Moving in this stuff is going to be slow.
A quokka comes into view.
Unknown command.
You barely miss the quokka. Your punch misses the quokka.
You barely miss the quokka. The quokka closely misses you.
You hit the quokka.
The quokka is moderately wounded.
The quokka bites you.
You hit the quokka.
You kill the quokka!
You enter the shallow water.
Moving in this stuff is going to be slow.
An adder comes into view.
The adder hisses angrily.
The adder bites you but does no damage. The adder closely misses you.
The adder barely misses you. The adder attacks as you move away!
The adder bites you but does no damage. The adder bites you.
You are poisoned.
The adder poisons you! The adder barely misses you.
You feel sick. The adder bites you.
* * * LOW HITPOINT WARNING * * *
You are lethally poisoned!
The adder poisons you! The adder attacks as you move away!
The adder closely misses you.
* * * LOW HITPOINT WARNING * * *
You feel very sick. The adder bites you.
You die...

. ##~~~~~~~## #
#~#######~# #~##.~~~#~#
#~#~# #.# #~#~# #~#
#~#~# #~# # #.#~# #~#.#
#.#S#####.#.#
#.##@.~~†##.###
##.#######....#
#..#.###.....##
##.#...†..# .
..######.###.###.# .#
........## ##....###.###
.######..###..##........
#.#.#.#.##>..##### #.
#.##.##.##...#


You could see an adder.

Vanquished Creatures
  Robin (D:3)
  2 worms (D:3)
  A bat (D:3)
  An endoplasm (D:3)
  A giant cockroach (D:3)
  2 goblins (D:3)
  A kobold (D:4)
  3 quokkas (D:3)
  A ball python (D:3)
  A frilled lizard (D:3)
  A rat (D:3)
15 creatures vanquished.

Notes
Turn   | Place    | Note
-------+----------+-------------------------------------------
     0 | D:5      | drugrobin the Demigod Delver began the quest for the Orb.
     0 | D:5      | Reached XP level 1. HP: 18/18 MP: 3/3
    15 | D:5      | Noticed a hound
    17 | D:5      | Identified the +0 robe "Haevudd" {Int+4 Stlth- Archmagi}
    81 | D:5      | Noticed a hound
    87 | D:4      | Noticed Natasha
    87 | D:4      | Noticed a scorpion
   118 | D:4      | Noticed an orc wizard
   118 | D:4      | Noticed a phantom
   122 | D:3      | Noticed Robin
   123 | D:3      | Killed Robin
   124 | D:3      | Reached XP level 2. HP: 25/25 MP: 4/4
   465 | D:3      | Slain by an adder

Illustrated notes

Levels and vault maps discovered:
D:3:      layout_loops_ring, hellmonk_ecumenical_altar_arch_garden,
          gup_sewer_entry_spiral, uniq_robin
D:4:      layout_basic, uniq_menkaure, uniq_natasha, uniq_edmund
D:5:      layout_cave_pools, minmay_temple_entry_arrows

Skill      XL: |  1  2 |
---------------+-------+-----
Short Blades   | 2 3 |  3.2
Fighting       | |  2.6
Dodging        | |  1.7
Stealth        | |  4.5

Action                   || total
-------------------------++-------
Melee: Short sword       ||    37
Evoke: Wand              ||     3
  Use: Scroll            ||     2
       Potion            ||     1
 Stab: Sleeping          ||     5
       Distracted        ||     2
Armor: Leather armour    ||     6
Dodge: Dodged            ||    18

Table legend: (Time is in decaauts)
 A = Elapsed time spent in this place.
 B = Non-inter-level travel time spent in this place.
 C = Inter-level travel time spent in this place.
 D = Time resting spent in this place.
 E = Time spent auto-exploring this place.
 F = Levels seen in this place.
 G = Mean time per level.
                   A        B        C        D        E       F      G
               +--------+--------+--------+--------+--------+-----+--------+
         Total |    473 |    473 |      0 |     58 |      0 |   3 |  157.7 |
       Dungeon |    473 |    473 |      0 |     58 |      0 |   3 |  157.7 |
               +--------+--------+--------+--------+--------+-----+--------+

Top non-repeatable levels by time:
     D:3: 351 daAuts
     D:5: 93 daAuts
     D:4: 28 daAuts
